 Dungeon Crawl Stone Soup version 0.24-a0-307-gf989941 (webtiles) character file.

Game seed: 15383926715929431533

71 galech the Shield-Bearer (level 4, -9/35 HPs)
             Began as a Demonspawn Fighter on May 13, 2019.
             Mangled by Crazy Yiuf
             ... wielding a +4 quarterstaff of chaos
              (10 damage)
             ... on level 2 of the Dungeon.
             The game lasted 00:02:04 (1516 turns).

galech the Shield-Bearer (Demonspawn Fighter)       Turns: 1516, Time: 00:02:05

Health: -9/35      AC:  7    Str: 16    XL:     4   Next: 5%
Magic:  0/4        EV:  5    Int:  9    God:
Gold:   75         SH: 13    Dex: 14    Spells: 3/3 levels left

rFire    . . .     SeeInvis .   a - +0 war axe
rCold    . . .     Gourm    .   o - +0 large shield (curse)
rNeg     . . .     Faith    .   b - +0 scale mail
rPois    .         Spirit   +   n - +0 helmet
rElec    .         Reflect  .   u - scarf {Spirit}
rCorr    .         Harm     .   (no gloves)
MR       .....                  (no boots)
Stlth    ..........             (no amulet)
HPRegen  0.11/turn              (no ring)
MPRegen  0.09/turn              (no ring)

@: no status effects
A: hooves 2, rot immunity
a: no special abilities


You were on level 2 of the Dungeon.
You were not hungry.

You visited 1 branch of the dungeon, and saw 2 of its levels.

You collected 75 gold pieces.

Inventory:

Hand Weapons
 a - a +0 war axe (weapon)
Armour
 b - a +0 scale mail (worn)
 n - a +0 helmet (worn)
 o - a cursed +0 large shield (worn)
 u - a scarf of spirit shield (worn)
Scrolls
 e - a scroll of identify {unknown}
 h - a scroll of teleportation {unknown}
 i - a scroll of blinking {unknown}
 k - a scroll of immolation {unknown}
 l - 2 scrolls of magic mapping {unknown}
 p - a scroll of random uselessness {unknown}
Potions
 c - a potion of lignification {unknown}
 d - a potion of might
 j - 2 potions of heal wounds {unknown}
 m - a potion of ambrosia {unknown}
 q - a potion of curing
 r - a potion of degeneration {unknown}
 t - a potion of flight {unknown}
Comestibles
 f - 3 rations
 g - 3 chunks of flesh


   Skills:
 + Level 3.2 Fighting
 + Level 2.3 Axes
 + Level 3.0 Armour
 + Level 0.6 Dodging
 + Level 3.6 Shields


You had 3 spell levels left.
You didn't know any spells.
Your spell library was empty.

Dungeon Overview and Level Annotations

Branches:
Dungeon (2/15)

Altars:

Annotations:
D:2 Crazy Yiuf


Innate Abilities, Weirdness & Mutations

You have hoof-like feet.
You are immune to rotting.


Message History

You convulse!
* * * LOW HITPOINT WARNING * * *
You are too injured to fight recklessly!
You are too injured to fight recklessly!
You are too injured to fight recklessly!
You are too injured to fight recklessly!
You are too injured to fight recklessly!
You are too injured to fight recklessly!
You are too injured to fight recklessly!
You are too injured to fight recklessly!
You are too injured to fight recklessly!
You are too injured to fight recklessly!
You are too injured to fight recklessly!
You are too injured to fight recklessly!
You barely miss Crazy Yiuf. You kick Crazy Yiuf, but do no damage.
Crazy Yiuf is almost dead.
Crazy Yiuf hits you with a +4 quarterstaff of chaos!
* * * LOW HITPOINT WARNING * * *
You convulse!
You die...

#.#.# #.#.# #.#.#
#.### #.# #.# ### #.#
#### ####.## #.#
#)..### ##.#...# #.#
#..g@.####......# #.#
#...##..#.......#####
#.# ####
###.#..#........ #.#
#######....... #.#
#..##### #.# ###
#####..# #.# #.##
#.....## #.# #..#
##...## #.# ##.#
#####


You could see Crazy Yiuf.

Vanquished Creatures
  2 adders
  3 worms (D:2)
  3 dart slugs (D:2)
  A leopard gecko (D:2)
  4 bats
  3 giant cockroaches
  3 goblins (D:1)
  8 hobgoblins
  3 frilled lizards
  6 kobolds
  2 rats (D:2)
38 creatures vanquished.

Notes
Turn   | Place    | Note
-------+----------+-------------------------------------------
     0 | D:1      | galech the Demonspawn Fighter began the quest for the Orb.
     0 | D:1      | Reached XP level 1. HP: 18/18 MP: 1/1
   346 | D:1      | Gained mutation: You are immune to rotting. [demonic
                  | ancestry]
   346 | D:1      | Reached XP level 2. HP: 24/24 MP: 2/2
   857 | D:2      | Gained mutation: You have large cloven feet. [demonic
                  | ancestry]
   857 | D:2      | Reached XP level 3. HP: 28/29 MP: 3/3
  1281 | D:2      | Gained mutation: You have hoof-like feet. [demonic
                  | ancestry]
  1281 | D:2      | Reached XP level 4. HP: 30/35 MP: 4/4
  1404 | D:2      | Found a faded altar of an unknown god.
  1479 | D:2      | Found a runed translucent door.
  1480 | D:2      | Noticed Crazy Yiuf
  1516 | D:2      | HP: 1/35 [Crazy Yiuf/+4 quarterstaff of chaos (7)]
  1516 | D:2      | Mangled by Crazy Yiuf

Levels and vault maps discovered:
D:1:      sevenhm_arrival_forest_fort_small_6, layout_basic, serial_rivers,
          chequers_serial_rivers_micro_d, chequers_serial_rivers_room_a,
          chequers_serial_rivers_micro_a, chequers_serial_rivers_small_a,
          chequers_serial_rivers_room_b
D:2:      layout_rooms, chequers_ecumenical_altar_simple, serial_park_tiny_pond,
          minmay_fractal_squares_5, uniq_crazy_yiuf_cottage

Skill      XL: |  1  2  3 |
---------------+----------+-----
Shields        | 3 |  3.6
Armour         | 3 |  3.0
Axes           | 2 |  2.3
Fighting       | |  3.2
Dodging        | |  0.6

Action                   |  1- 3 |  4- 6 || total
-------------------------+-------+-------++-------
Melee: War axe           |   123 |    11 ||   134
       Kick              |    18 |     4 ||    22
  Use: Potion            |     1 |       ||     1
  Eat: Chunk             |     1 |     1 ||     2
Armor: Scale mail        |    66 |     1 ||    67
Dodge: Dodged            |    20 |     1 ||    21
Block: Shield            |     9 |       ||     9
       Large shield      |    90 |     8 ||    98

Table legend:
 A = Non-vault XP
 B = Vault XP
 C = Vault XP percentage of total XP
 D = Non-vault monster count
 E = Vault monster count
 F = Vault count percentage of total count
                 A         B        C        D         E       F
            +---------+---------+-------+---------+---------+-------
      Total |      75 |      27 |  26.5 |      29 |       9 |  23.7
            +---------+---------+-------+---------+---------+-------
        D:1 |      14 |      17 |  54.8 |       8 |       4 |  33.3
        D:2 |      61 |      10 |  14.1 |      21 |       5 |  19.2
            +---------+---------+-------+---------+---------+-------
